 Dungeon Crawl Stone Soup version 0.31.0-11-ge490571c62 (webtiles) character file.

Game seed: 12581400424709330057

55 zenocrate the Chopper (level 3, 0/31 HPs)
             Began as a Minotaur Delver on Feb 1, 2024.
             Slain by a black bear (3 damage)
             ... on level 4 of the Dungeon.
             The game lasted 00:00:20 (419 turns).

zenocrate the Chopper (Minotaur Delver)              Turns: 419, Time: 00:00:21

Health: 0/31       AC:  8    Str: 18    XL:     3   Next: 67%
Magic:  2/2        EV:  8    Int:  7    God:
Gold:   0          SH:  0    Dex: 11    Spells: 2/2 levels left

rFire   . . .        a - +0 hand axe
rCold   . . .        (no shield)
rNeg    . . .        i - +0 chain mail
rPois   .            (helmet restricted)
rElec   .            (no cloak)
rCorr   .            (no gloves)
SInv    .            (no boots)
Will    .....        (no amulet) Stlth
                     (no ring)
HPRegen 0.25/turn    (no ring)
MPRegen 0.08/turn

%: no passive effects
@: no status effects
A: horns 2, retaliatory headbutt
a: no special abilities


You were on level 4 of the Dungeon.
You visited 1 branch of the dungeon, and saw 2 of its levels.

Inventory:

Hand Weapons
 a - a +0 hand axe (weapon)
Missiles
 j - 4 poisoned darts (quivered)
Armour
 i - a +0 chain mail (worn)
Wands
 g - a wand of digging (3)
Scrolls
 c - a scroll of fog
 d - a scroll of revelation
 e - a scroll of fear
Potions
 b - a potion of degeneration {unknown}
 f - a potion of haste
 h - a potion of curing {unknown}


   Skills:
 - Level 3.6 Fighting
 + Level 5.0 Axes
 - Level 2.1 Dodging
 - Level 4.1 Stealth


You had 2 spell levels left.
You didn't know any spells.
Your spell library was empty.

Dungeon Overview and Level Annotations

Branches:
Dungeon (5/15)
 Temple: D:4-7

Altars:
Hepliaklqana
Wu Jian


Innate Abilities, Weirdness & Mutations

You have a pair of horns on your head.
You reflexively headbutt those who attack you in melee.


Message History

The black bear is lightly wounded.
The black bear closely misses you. The black bear claws you.
The black bear claws you but does no damage.
You closely miss the black bear.
The black bear is lightly wounded.
The black bear completely misses you. The black bear barely misses you.
The black bear claws you but does no damage.
You hit the black bear.
The black bear is moderately wounded.
The black bear bites you.
The black bear claws you but does no damage. x2
You hit the black bear.
You headbutt the black bear, but do no damage.
The black bear is heavily wounded.
The black bear bites you. The black bear misses you.
The black bear claws you but does no damage.
You slash the black bear!
The black bear is severely wounded.
The black bear goes berserk!
You hit the black bear. You headbutt the black bear.
The black bear is severely wounded.
The black bear barely misses you.
The black bear claws you but does no damage.
The black bear barely misses you.
You hit the black bear. Your headbutt misses the black bear.
The black bear is almost dead.
The black bear bites you but does no damage.
The black bear claws you but does no damage.
The black bear barely misses you. The black bear bites you.
The black bear claws you but does no damage.
The black bear claws you.
You hit the black bear. Your headbutt misses the black bear.
The black bear is almost dead.
The black bear bites you!
* * * LOW HITPOINT WARNING * * *
The black bear claws you.
* * * LOW HITPOINT WARNING * * *
The black bear claws you but does no damage.
The black bear bites you.
You die...

.... .......#
.......## #......# .
#.....# ### #.
##.....## #....
#.###.......###......
#..#.................
###.......h@..........
...........####.......
..........## .......
.........## ...###.
......##.## #..# .##..
#..## ##...# #..
##..##...#.. #.
#..#...# #. ##....#


You could see a black bear (berserk).

Vanquished Creatures
  A jelly (D:5)
  An adder (D:5)
  A white imp (D:5)
  An orc (D:5)
  A ball python (D:4)
5 creatures vanquished.

Notes
Turn   | Place    | Note
-------+----------+-------------------------------------------
     0 | D:5      | zenocrate the Minotaur Delver began the quest for the Orb.
     0 | D:5      | Reached XP level 1. HP: 19/19 MP: 0/0
     9 | D:5      | Found an ornate altar of the Wu Jian Council.
     9 | D:5      | Found a hazy altar of Hepliaklqana.
    64 | D:5      | Noticed a jelly
    68 | D:5      | Killed a jelly
    69 | D:5      | Reached skill level 4 in Axes
    69 | D:5      | Reached XP level 2. HP: 9/26 MP: 1/1
    69 | D:5      | Reached XP level 3. HP: 11/31 MP: 2/2
   298 | D:5      | Reached skill level 5 in Axes
   407 | D:4      | Noticed a black bear
   419 | D:4      | Slain by a black bear

Illustrated notes

Levels and vault maps discovered:
D:4:      layout_layer_cave, serial_shops, shop, minmay_shop_damaged,
          minmay_mini_ossuary, uniq_menkaure
D:5:      layout_basic, mainiacjoe_overflow_large_starburst,
          nicolae_ossuary_entry_catacombs

Skill      XL: |  1  2  3 |
---------------+----------+-----
Axes           | 4 5 |  5.0
Fighting       | |  3.6
Dodging        | |  2.1
Stealth        | |  4.1

Action                     || total
---------------------------++-------
  Melee: Hand axe          ||    23
         Headbutt          ||     5
 Armour: Chain mail        ||    28
         Leather armour    ||     1
  Dodge: Dodged            ||    14
